 Dungeon Crawl Stone Soup version 0.28.0-62-gf88900778d (webtiles) character file.

Game seed: 6791173111004741549

218388 cbfl8 the Executioner (level 18, -1/155 HPs)
             Began as a Minotaur Fighter on Aug 29, 2023.
             Was the Champion of Hepliaklqana.
             Hit by a silver javelin thrown by a minotaur (3 damage)
             ... on level 4 of the Shoals on Aug 30, 2023.
             The game lasted 01:11:52 (59256 turns).

cbfl8 the Executioner (Minotaur Fighter)           Turns: 59256, Time: 01:11:53

Health: -1/155     AC: 24    Str: 30    XL:     18   Next: 79%
Magic:  17/17      EV:  8    Int:  5    God:    Hepliaklqana [******]
Gold:   3893       SH: 22    Dex: 23    Spells: 17/17 levels left

rFire   + . .      SeeInvis .   p - +9 broad axe (protect)
rCold   . . .      Faith    .   M - +0 tower shield
rNeg    + + .      Spirit   .   L - +0 shadow dragon scales
rPois   .          Reflect  .   a - +0 hat
rElec   .          Harm     .   i - scarf {repulsion}
rCorr   .          Rampage  .   l - +2 pair of gloves
Will    ++...                   r - +0 pair of boots
Stlth   +++.......              C - macabre finger necklace {rN+}
HPRegen 0.35/turn               f - ring "Ifezab" {rF+ rN+ Str+4}
MPRegen 0.15/turn               J - +6 ring of strength
                                v - +6 ring of dexterity

@: about to teleport, repel missiles
A: reduced essence, horns 2, retaliatory headbutt, strong-willed 1, shaggy fur
1, weak 1
a: Renounce Religion, Recall Ancestor, Ancestor Identity, Transference, Idealise


You were on level 4 of the Shoals.
You worshipped Hepliaklqana.
Hepliaklqana was exalted by your worship.
You visited 6 branches of the dungeon, and saw 31 of its levels.
You also visited: Bailey, Gauntlet, Ice Cave and Volcano.

You collected 6048 gold pieces.
You spent 2155 gold pieces at shops.

Inventory:

Hand Weapons
 p - a +9 broad axe of protection (weapon)
Missiles
 E - 4 throwing nets
Armour
 a - a +0 hat (worn)
 i - a scarf of repulsion (worn)
 l - a +2 pair of gloves (worn)
 r - a +0 pair of boots (worn)
 L - +0 shadow dragon scales (worn)
 M - a +0 tower shield (worn)
Jewellery
 f - the ring "Ifezab" (left hand) {rF+ rN+ Str+4}
   (You found it in a Gauntlet)

   [ring of positive energy]

   Str:       It affects your strength (+4).
   rF:        It protects you from fire.
   rN:        It protects you from negative energy.
 v - a +6 ring of dexterity (on amulet)
 C - the macabre finger necklace (around neck) {rN+}
   (You found it on level 7 of the Dungeon)

   [amulet of nothing]

   It enables you to equip an extra ring.
   rN:        It protects you from negative energy.
 I - a ring of see invisible
 J - a +6 ring of strength (right hand)
Wands
 o - a wand of digging (17)
 s - a wand of charming (4)
 t - a wand of flame (94)
 x - a wand of polymorph (26)
Scrolls
 d - 11 scrolls of identify
 e - 6 scrolls of teleportation
 h - 7 scrolls of fog
 k - 9 scrolls of immolation
 m - a scroll of fear
 q - 2 scrolls of magic mapping
 u - 7 scrolls of enchant armour
 w - 4 scrolls of noise
 D - 2 scrolls of holy word
Potions
 g - 7 potions of haste
 n - 5 potions of curing
 z - 5 potions of might
 A - a potion of mutation
 B - 4 potions of invisibility
 F - a potion of berserk rage
 O - a potion of resistance
Miscellaneous
 b - a piece from Xom's chessboard (15/15)
 K - a tin of tremorstones (2/2)
 N - a condenser vane


   Skills:
 + Level 18.5 Fighting
 + Level 21.1 Axes
 + Level 18.2 Armour
 + Level 17.4 Shields
 * Level 14.7 Evocations


You had 17 spell levels left.
You didn't know any spells.
Your spell library contained the following spells:

 Spells                   Type           Power      Damage    Failure   Level
 Animate Skeleton         Necr           0%         N/A       99%         1
 Apportation              Tloc           0%         N/A       99%         1
 Magic Dart               Conj           0%         1d3       99%         1
 Pain                     Necr           0%         1d4       99%         1
 Slow                     Hex            0%         N/A       99%         1
 Summon Small Mammal      Summ           0%         N/A       99%         1
 Blink                    Tloc           0%         N/A       100%        2
 Call Imp                 Summ           0%         N/A       100%        2
 Corpse Rot               Necr/Air       0%         N/A       100%        2
 Poisonous Vapours        Pois/Air       0%         N/A       100%        2
 Static Discharge         Conj/Air       0%         N/A       100%        2
 Sublimation of Blood     Necr           0%         N/A       100%        2
 Wereblood                Tmut           0%         N/A       100%        2
 Confusing Touch          Hex            0%         N/A       100%        3
 Conjure Flame            Conj/Fire      0%         6-21      100%        3
 Ignite Poison            Fire/Tmut/Pois 0%         N/A       100%        3
 Mephitic Cloud           Conj/Pois/Air  0%         N/A       100%        3
 Stone Arrow              Conj/Erth      0%         3d7       100%        3
 Vampiric Draining        Necr           0%         2d6       100%        3
 Animate Armour           Summ/Erth      0%         N/A       100%        4
 Fulminant Prism          Conj/Hex       0%         3d6       100%        4
 Iskenderun's Mystic Bla  Conj/Tloc      0%         2d3       100%        4
 Sticky Flame             Conj/Fire      0%         2d3       100%        4
 Blade Hands              Tmut           0%         N/A       100%        5
 Freezing Cloud           Conj/Ice/Air   0%         6-21      100%        5
 Lee's Rapid Deconstruct  Erth           0%         3d5*      100%        5
 Lightning Bolt           Conj/Air       0%         1d11      100%        5
 Manifold Assault         Tloc           0%         N/A       100%        5
 Summon Forest            Summ/Tloc      0%         N/A       100%        5
 Yara's Violent Unravell  Hex/Tmut       0%         3d3       100%        5
 Dispersal                Tloc           0%         N/A       100%        6
 Iron Shot                Conj/Erth      0%         9d1       100%        6
 Enfeeble                 Hex            0%         N/A       100%        7
 Storm Form               Tmut/Air       0%         N/A       100%        7
 Summon Hydra             Summ           0%         N/A       100%        7
 Lehudib's Crystal Spear  Conj/Erth      0%         10d2      100%        8
 Maxwell's Capacitive Co  Air            0%         ∞         100%        8
 Chain Lightning          Conj/Air       0%         N/A       100%        9
 Fire Storm               Conj/Fire      0%         5d1       100%        9
 Shatter                  Erth           0%         3d5*      100%        9


Dungeon Overview and Level Annotations

Branches:
Dungeon (15/15)            Temple (1/1) D:4            Lair (6/6) D:11
 Shoals (4/4) Lair:3       Spider (0/4) Lair:3        Slime (0/5) Lair:5
    Orc (2/2) D:9             Elf (3/3) Orc:2        Vaults (0/5) D:14
 Depths (0/4) D:15         Bailey (visited)           IceCv (visited)
Volcano (visited)         Gauntlet (visited)

Altars:
Ashenzari
Cheibriados
Dithmenos
Elyvilon
Fedhas
Hepliaklqana
Kikubaaqudgha
Makhleb
Nemelex Xobeh
Okawaru
Qazlal
Ru
Sif Muna
Trog
Uskayaw
Vehumet
Wu Jian
Xom
Yredelemnul
Zin
The Shining One
Beogh
Jiyva

Shops:
D:7 (   D:9 [*(?   D:11 ?   D:14 ((:*:   Orc:2 ([=   Elf:1 =   Shoals:1 (
Shoals:3 (*(

Annotations:
Shoals:3 1 runed translucent door, cbfl8's ghost, adept MiBe
Elf:2 3 runed translucent doors


Innate Abilities, Weirdness & Mutations

Your life essence is reduced to manifest your ancestor. (-10% HP)
You have a pair of horns on your head.
You reflexively headbutt those who attack you in melee.
You are strong-willed. (Will+)
You are covered in fur. (AC +1)
You are weak. (Str -2)


Message History

You enter the shallow water.
Moving in this stuff is going to be slow.
The harpy screeches!
You block the harpy's attack. x2; The harpy claws you but does no damage.
You block the harpy's attack. x2; The harpy claws you but does no damage. x3
You block the harpy's attack. The harpy claws you but does no damage.
You block the harpy's attack. The harpy barely misses you. The harpy claws you!
* * * LOW HITPOINT WARNING * * *
The harpy claws you but does no damage.
Valentine emerges from the mists of memory!
The harpy claws you but does no damage. You block the harpy's attack. x2
The harpy claws you but does no damage. You block the harpy's attack.
The harpy closely misses you.
Really walk into that teleport trap?
You enter a teleport trap!
The teleport trap disappears.
Your surroundings suddenly seem different.
As you read the scroll of fear, it crumbles to dust.
You assume a fearsome visage.
The manticore looks frightened!
The faun looks frightened!
The faun shouts!
The faun looks frightened!
The faun shouts!
The faun looks frightened!
The snapping turtle looks frightened!
You hear a shout!
As you read the scroll of teleportation, it crumbles to dust.
You feel strangely unstable.
You enter the shallow water.
Moving in this stuff is going to be slow.
Your surroundings suddenly seem different.
A minotaur, a water elemental and a sea snake come into view.
The minotaur is quivering silver javelins.
A harpy comes into view.
The harpy moves out of view.
As you read the scroll of teleportation, it crumbles to dust.
You feel strangely unstable.
Your merfolk javelineer says, "I'll never leave you."
The minotaur throws a silver javelin.
The silver javelin pierces through you!
* * * LOW HITPOINT WARNING * * *
The silver sears you!
You die...

.... .E.. ≈.... .≈. ###
...# .S## c≈.. .#H# 8..#
≈≈.#=.φ ..##### ...###$
≈.#..≈ ..#≈...#...#...
#....
.≈....≈@.≈.'....#..#...t
..#.≈.......≈.....≈.≈...
#.≈.H...8.....#.≈#....
###.##≈..###. #≈≈##...
##..≈...m..##≈≈H≈#...
#..k.mH.....#≈≈c≈#..#
###......≈....###.H≈#..
###.#..##...##..#≈#.#≈≈≈≈
#......##...##..≈≈≈.#≈≈≈≈


You could see a minotaur, a sea snake (asleep), a water elemental (dormant), a
merfolk siren, a harpy and a friendly merfolk javelineer (summoned).

Vanquished Creatures
  Jorgrun (Shoals:2)
  A deep elf blademaster (Elf:3)
  A deep elf master archer (Elf:3)
  Polyphemus (Shoals:4)
  A fenstrider witch (D:9)
  A frost giant (IceCv)
  3 deep elf sorcerers
  4 deep elf elementalists (Elf:3)
  The ghost of Tosithia the Geomancer, a journeyman GrEE of Vehumet (Lair:4)
  A deep elf annihilator (Elf:3)
  3 deep elf demonologists (Elf:3)
  A red draconian (Volcano)
  3 dire elephants (Lair:6)
  2 deep elf death magi (Elf:3)
  2 merfolk javelineers
  An ettin (D:11)
  A deep elf high priest (Elf:3)
  6 vault guards
  8 hydras
  A merfolk impaler (Shoals:1)
  A hell beast (Gauntlet)
  2 merfolk avatars
  2 boulder beetles
  A two-headed ogre (shapeshifter) (Elf:3)
  4 centaur warriors
  A death knight (D:13)
  2 merfolk aquamancers
  A catoblepas (Shoals:3)
  A satyr (shapeshifter) (Elf:1)
  An alligator snapping turtle (Shoals:2)
  3 two-headed ogres
  18 dancing weapons
  A satyr (Shoals:4)
  Urug (Lair:5)
  16 death yaks
  An orc high priest (Elf:1)
  14 deep elf knights
  2 skeletal warriors
  A sixfirhy (Gauntlet)
  A salamander mystic (Volcano)
  8 sea snakes
  A spectral anaconda (Lair:6)
  A flayed ghost (D:15)
  10 deep elf archers
  A necromancer (Lair:6)
  14 harpies
  2 obsidian statues
  14 deep elf zephyrmancers
  A lindwurm (Lair:5)
  8 fauns
  A frost giant zombie (D:15)
  23 deep elf pyromancers
  A wolf spider (shapeshifter) (Elf:3)
  8 manticores
  3 oklob plants
  2 salamanders (Volcano)
  3 ugly things
  2 orc knights (Orc:2)
  A moth of wrath (Lair:4)
  8 orc sorcerers
  2 cyclopes
  An ice statue (IceCv)
  9 merfolk sirens
  10 elephants
  7 black mambas
  A molten gargoyle (Volcano)
  6 water nymphs
  A centaur zombie (D:10)
  A black mamba (shapeshifter) (D:13)
  2 gargoyles
  A dire elephant zombie (Lair:6)
  A frost giant skeleton (D:15)
  Maggie (D:10)
  11 rime drakes
  16 cane toads
  A yaktaur (shapeshifter) (Elf:3)
  6 komodo dragons
  A rime drake (shapeshifter) (Elf:3)
  2 tengu conjurers
  8 merfolk
  7 trolls
  4 wind drakes
  A meliai (D:8)
  4 polar bears
  10 blink frogs
  A blink frog (shapeshifter) (Elf:3)
  6 slime creatures
  A spectral elephant (Lair:6)
  2 raiju (shapeshifter)
  Prince Ribbit (Bailey)
  5 snapping turtles
  Sigmund (D:6)
  2 air elementals
  A fire bat (shapeshifter) (Elf:3)
  6 wyverns
  A spriggan (shapeshifter) (Elf:3)
  4 wraiths
  3 hogs (Shoals:3)
  35 yaks
  3 water elementals
  2 humans (Bailey)
  5 fire elementals (Elf:1)
  6 vampire mosquitoes
  3 basilisks
  A death yak simulacrum (Lair:6)
  A steam dragon (D:9)
  3 wargs
  A spectral cane toad (Lair:6)
  18 water moccasins
  2 hell hounds (Gauntlet)
  2 black bears
  18 orc warriors
  3 elephant zombies (Lair:6)
  3 necrophages
  3 sky beasts
  3 ogres
  6 wolves
  An ogre (shapeshifter) (Elf:3)
  3 centaurs
  An elephant skeleton (Lair:6)
  2 kobold brigands
  Blork the orc (D:5)
  18 bullfrogs
  A bullfrog (shapeshifter) (D:15)
  An earth elemental (Elf:3)
  4 scorpions
  A cane toad simulacrum (Lair:6)
  A water moccasin zombie (D:6)
  A water moccasin skeleton (D:5)
  2 elephant simulacra (Lair:6)
  3 wights (D:9)
  An electric eel (Lair:3)
  5 howler monkeys
  A bullfrog zombie (D:7)
  2 hounds
  17 orc priests
  Crazy Yiuf (D:6)
  3 bullfrog skeletons (D:6)
  16 orc wizards
  2 iguanas
  2 polar bear simulacra (Lair:6)
  A wolf simulacrum (Lair:6)
  14 gnolls
  A howler monkey skeleton (D:7)
  2 howler monkey zombies
  8 adders
  2 shadow imps
  5 ufetubi
  5 worms
  A dart slug (D:1)
  84 orcs
  8 ball pythons
  2 bats
  11 endoplasms
  4 giant cockroaches
  14 goblins
  9 hobgoblins
  5 jackals
  8 quokkas
  15 kobolds
  7 rats
791 creatures vanquished.

Vanquished Creatures (collateral kills)
  Nikola (Elf:3)
  A deep elf blademaster (Elf:3)
  Gastronok (D:12)
  Kirke (Shoals:3)
  A deep elf sorcerer (Elf:3)
  The ghost of cbfl8 the Severer, a journeyman MiBe of Trog (Elf:1)
  Louise (Shoals:3)
  A juggernaut zombie (D:15)
  An orc warlord (Orc:2)
  Aizul (Shoals:1)
  A dire elephant (Lair:6)
  2 deep elf annihilators (Elf:3)
  A minotaur (Gauntlet)
  Snorg (Orc:2)
  Harold (D:9)
  A merfolk impaler (Shoals:1)
  A hydra (Lair:6)
  Fannar (D:10)
  3 boulder beetles
  2 centaur warriors
  4 vault guards (D:14)
  A two-headed ogre (D:10)
  5 dancing weapons
  A death yak (Shoals:3)
  2 tengu warriors
  2 orc high priests
  6 deep elf knights
  A spectral death yak (Lair:6)
  A spark wasp zombie (D:15)
  A skeletal warrior (D:14)
  2 sea snakes
  The ghost of Valamore the Fighter, a novice FeEE of Vehumet (D:11)
  3 necromancers
  7 deep elf archers
  5 deep elf zephyrmancers
  3 fauns
  7 deep elf pyromancers
  2 orc knights
  11 harpies
  2 ugly things
  2 cyclopes
  3 manticores
  2 salamanders (Volcano)
  A centaur zombie (D:11)
  6 elephants
  2 water nymphs
  2 black mambas
  3 merfolk sirens (Shoals:2)
  A molten gargoyle (Volcano)
  4 cane toads
  5 rime drakes
  A komodo dragon (Lair:1)
  2 tengu conjurers
  A troll (D:14)
  10 merfolk
  A polar bear (IceCv)
  A wind drake (Shoals:4)
  6 blink frogs
  A slime creature (D:15)
  A spectral elephant (Lair:6)
  3 snapping turtles
  A dream sheep (Lair:4)
  A jumping spider (shapeshifter) (Elf:3)
  2 shadows
  4 water elementals
  A wraith (D:13)
  20 yaks
  2 fire bats (Volcano)
  A wyvern (Lair:5)
  3 basilisks
  A fire elemental (Elf:1)
  A human (Bailey)
  A death yak simulacrum (Lair:6)
  A warg (Orc:2)
  2 acid dragons
  2 water moccasins
  10 orc warriors
  A hornet zombie (D:8)
  A necrophage (D:8)
  An elephant skeleton (Lair:6)
  4 wolves
  An elephant zombie (Lair:6)
  5 centaurs
  2 kobold brigands
  6 bullfrogs
  A wyvern zombie (D:7)
  A gnoll sergeant (D:8)
  A cane toad simulacrum (Lair:6)
  An elephant simulacrum (Lair:6)
  3 killer bees (D:9)
  An electric eel (Lair:3)
  3 lava snakes (Volcano)
  3 orc priests (Orc:2)
  8 orc wizards
  22 orcs
  8 kobolds
275 creatures vanquished.

Vanquished Creatures (others)
  A wizard (D:15)
  32 battlemagi
  2 ancestors
  2 orcs (Orc:2)
  50 fungi
  78 plants
  32 withered plants
197 creatures vanquished.

Grand Total: 1263 creatures vanquished

Notes
Turn   | Place    | Note
-------+----------+-------------------------------------------
     0 | D:1      | cbfl8 the Minotaur Fighter began the quest for the Orb.
     0 | D:1      | Reached XP level 1. HP: 19/19 MP: 0/0
    92 | D:1      | Reached XP level 2. HP: 27/27 MP: 1/1
   679 | D:1      | Reached XP level 3. HP: 32/33 MP: 2/2
   860 | D:2      | Reached skill level 3 in Axes
   860 | D:2      | Reached skill level 1 in Evocations
  1290 | D:2      | Reached XP level 4. HP: 36/40 MP: 3/3
  2020 | D:3      | Reached skill level 4 in Axes
  2020 | D:3      | Reached XP level 5. HP: 34/47 MP: 4/4
  2570 | D:3      | You fall into a shaft and drop 2 floors!
  2570 | D:5      | Entered Level 5 of the Dungeon
  2623 | D:5      | Reached XP level 6. HP: 32/53 MP: 5/5
  2786 | D:5      | Reached skill level 5 in Axes
  3223 | D:3      | Reached skill level 5 in Armour
  3390 | D:4      | Reached XP level 7. HP: 44/60 MP: 6/6
  3410 | D:4      | Reached skill level 6 in Axes
  3530 | D:4      | Found a staircase to the Ecumenical Temple.
  3579 | Temple   | Entered the Ecumenical Temple
  3747 | Temple   | Became a worshipper of Hepliaklqana the Forgotten
  3867 | D:4      | Reached skill level 5 in Fighting
  4757 | D:5      | Reached skill level 7 in Axes
  4757 | D:5      | Reached XP level 8. HP: 30/69 MP: 7/7
  5530 | D:5      | Identified a scroll of acquirement
  5560 | D:5      | Acquired 972 gold pieces
  5645 | D:6      | Noticed Blork the orc
  5661 | D:5      | Killed Blork the orc
  5830 | D:6      | Noticed Sigmund
  5868 | D:6      | Killed Sigmund
  5869 | D:6      | Reached skill level 8 in Axes
  6155 | D:6      | Reached * piety under Hepliaklqana
  6629 | D:6      | Found a runed translucent door.
  6630 | D:6      | Noticed Crazy Yiuf
  6678 | D:7      | Reached XP level 9. HP: 67/67 MP: 8/8
  6717 | D:7      | Found a flagged portal.
  6720 | D:7      | Reached skill level 9 in Axes
  6732 | Bailey   | Entered a bailey
  7037 | Bailey   | Reached skill level 5 in Evocations
  7395 | Bailey   | Noticed a vault guard
  7404 | Bailey   | Killed a vault guard
  7405 | Bailey   | Reached skill level 10 in Axes
  7405 | Bailey   | Reached skill level 5 in Shields
  7611 | Bailey   | Noticed Prince Ribbit
  7611 | Bailey   | Noticed a vault guard
  7620 | Bailey   | Killed Prince Ribbit
  7621 | Bailey   | Killed a vault guard
  7622 | Bailey   | Reached skill level 11 in Axes
  7622 | Bailey   | Reached XP level 10. HP: 58/77 MP: 9/9
  8308 | D:7      | Found Monkog's Weapon Shoppe.
  8322 | D:7      | Found the macabre finger necklace {rN+}
  8723 | D:8      | Noticed a white ugly thing
  8725 | D:8      | Noticed a tengu warrior
  8726 | D:8      | Noticed a deep elf pyromancer
  8729 | D:8      | Noticed a skeletal warrior
  8729 | D:8      | Noticed a centaur warrior
  8729 | D:8      | Noticed a harpy
  9143 | D:8      | Noticed a harpy
  9816 | D:8      | Reached skill level 12 in Axes
 10304 | D:8      | Reached ** piety under Hepliaklqana
 10306 | D:8      | Remembered your ancestor valentine as a battlemage
 11168 | D:9      | Found a shadowy altar of Dithmenos.
 11223 | D:9      | Found Teeresui's Magic Scroll Boutique.
 11237 | D:9      | Reached skill level 10 in Armour
 11444 | D:9      | Bought a scroll of acquirement for 676 gold pieces
 11444 | D:9      | Acquired 1165 gold pieces
 11450 | D:9      | Found a staircase to the Orcish Mines.
 11551 | D:9      | Noticed a two-headed ogre
 11881 | D:9      | Found Jakarodgh's Antique Armour Boutique.
 11942 | D:9      | Noticed a red ugly thing
 11950 | D:9      | Killed a red ugly thing
 11951 | D:9      | Reached XP level 11. HP: 40/85 MP: 10/10
 12213 | D:9      | Found Deibilusau's Weapon Shoppe.
 12372 | D:9      | Noticed Harold
 12379 | D:9      | Killed Harold
 12475 | D:9      | Found Cobb's General Store.
 12481 | D:9      | Bought a scroll of fear for 59 gold pieces
 12481 | D:9      | Bought 2 scrolls of identify for 68 gold pieces
 12481 | D:9      | Bought a wand of acid (5) for 306 gold pieces
 12501 | D:9      | Killed a two-headed ogre
 12883 | D:9      | Bought a scroll of identify for 26 gold pieces
 12883 | D:9      | Bought a scroll of identify for 26 gold pieces
 12883 | D:9      | Bought a scroll of identify for 26 gold pieces
 12883 | D:9      | Bought a scroll of teleportation for 39 gold pieces
 12892 | D:10     | Entered Level 10 of the Dungeon
 12953 | D:10     | Noticed Fannar
 12985 | D:10     | Reached *** piety under Hepliaklqana
 12998 | D:10     | Killed Fannar
 12999 | D:10     | Reached skill level 13 in Axes
 13300 | D:10     | Noticed a two-headed ogre
 13306 | D:10     | Killed a two-headed ogre
 13916 | D:10     | Noticed an obsidian statue
 14262 | D:10     | Noticed Maggie
 14278 | D:10     | Killed Maggie
 14969 | D:10     | Noticed a sun demon
 15457 | D:11     | Noticed a two-headed ogre
 15475 | D:10     | Killed a two-headed ogre
 15477 | D:10     | HP: 1/89 [yak (11)]
 16193 | D:11     | Found a runed translucent gate.
 16194 | D:11     | Found a runed translucent gate.
 16195 | D:11     | Found a runed translucent gate.
 16197 | D:11     | Noticed an ettin
 16198 | D:11     | Noticed a six-headed hydra
 16199 | D:11     | Noticed Valamore's ghost (novice FeEE)
 16274 | D:11     | Reached skill level 10 in Fighting
 16299 | D:11     | Found a staircase to the Lair.
 16334 | D:11     | Reached skill level 14 in Axes
 16339 | D:11     | Noticed a boulder beetle
 16361 | D:11     | Reached XP level 12. HP: 32/95 MP: 11/11
 16361 | D:11     | Killed a boulder beetle
 16752 | D:11     | Reached **** piety under Hepliaklqana
 16832 | D:11     | Found Dikko's Magic Scroll Boutique.
 16835 | D:11     | Bought a scroll of brand weapon for 260 gold pieces
 16835 | D:11     | Bought a scroll of teleportation for 39 gold pieces
 16835 | D:11     | Bought a scroll of teleportation for 39 gold pieces
 16835 | D:11     | Bought a scroll of identify for 26 gold pieces
 16835 | D:11     | Acquired a +2 vorpal broad axe
 16939 | D:12     | Noticed a boulder beetle
 16948 | D:12     | Killed a boulder beetle
 17038 | D:12     | Noticed Gastronok
 17348 | D:12     | Noticed a five-headed hydra
 17357 | D:12     | Killed an eight-headed hydra
 17721 | D:12     | Killed Gastronok
 18508 | D:12     | Noticed a two-headed ogre
 18516 | D:12     | Killed a two-headed ogre
 18776 | D:13     | Noticed a death knight
 18788 | D:13     | Killed a death knight
 19080 | D:13     | Found a snail-covered altar of Cheibriados.
 19084 | D:13     | Noticed a centaur warrior
 19090 | D:13     | Killed a centaur warrior
 19091 | D:13     | Reached skill level 15 in Axes
 19362 | D:13     | Noticed a centaur warrior
 19370 | D:13     | Killed a centaur warrior
 20180 | D:14     | Found Haorchav's Assorted Antiques.
 20189 | D:14     | Bought a scroll of teleportation for 87 gold pieces
 20189 | D:14     | Bought 2 potions of curing for 174 gold pieces
 20189 | D:14     | Bought a scroll of identify for 58 gold pieces
 20189 | D:14     | Bought a metallic golden potion for 26 gold pieces
 20190 | D:14     | Bought a kite shield for 130 gold pieces
 20202 | D:14     | Noticed a vault guard
 20202 | D:14     | Noticed a vault guard
 20202 | D:14     | Noticed a vault guard
 20202 | D:14     | Noticed a vault guard
 20203 | D:14     | Found a gate to the Vaults.
 20203 | D:14     | Noticed a vault guard
 20203 | D:14     | Noticed a vault guard
 20204 | D:14     | Noticed a vault guard
 20204 | D:14     | Noticed a vault guard
 20341 | D:14     | Found Halao's Book Emporium.
 20450 | D:14     | Killed a vault guard
 20495 | D:14     | Killed a vault guard
 20534 | D:14     | Killed a vault guard
 20762 | D:14     | Found Gafierust's Weapon Boutique.
 20893 | D:13     | Killed a vault guard
 20894 | D:13     | Reached XP level 13. HP: 25/104 MP: 12/12
 21313 | D:14     | Found Veihita's Antique Weapon Shoppe.
 21350 | D:14     | Found Quorch's Book Emporium.
 21907 | D:15     | Entered Level 15 of the Dungeon
 23616 | D:15     | Reached skill level 16 in Axes
 23735 | D:15     | Found a staircase to the Depths.
 24107 | D:15     | Reached skill level 10 in Evocations
 24540 | D:15     | Noticed a fire giant
 25558 | Lair:1   | Entered Level 1 of the Lair of Beasts
 25622 | Lair:1   | You fall into a shaft and drop 1 floor!
 25745 | Lair:1   | Reached ***** piety under Hepliaklqana
 25803 | Lair:1   | Found a dark tunnel.
 25844 | Lair:1   | Reached XP level 14. HP: 94/114 MP: 13/13
 25854 | Volcano  | Entered a volcano
 26137 | Volcano  | Found a radiant altar of Vehumet.
 27908 | Lair:2   | Reached skill level 15 in Armour
 27920 | Lair:2   | Reached skill level 17 in Axes
 28458 | Lair:2   | Reached skill level 10 in Shields
 30087 | Lair:3   | Found a staircase to the Shoals.
 30164 | Lair:3   | Found a blossoming altar of Fedhas.
 30405 | Lair:3   | Found a hole to the Spider Nest.
 30906 | Lair:3   | Gained mutation: You are partially covered in iridescent
                  | scales. (AC +2) [potion of mutation]
 30906 | Lair:3   | Gained mutation: You have sharp toenails. [potion of
                  | mutation]
 31009 | Lair:4   | Found a transporter.
 31014 | Lair:4   | Noticed Tosithia's ghost (journeyman GrEE)
 31755 | Lair:4   | Reached ****** piety under Hepliaklqana
 32060 | Lair:4   | Found a transporter.
 32185 | Lair:5   | Noticed Urug
 32192 | Lair:5   | Killed Urug
 32230 | Lair:5   | Reached skill level 18 in Axes
 32242 | Lair:5   | Reached XP level 15. HP: 24/123 MP: 14/14
 32350 | Lair:5   | Found a gate leading to a gauntlet.
 32370 | Gauntlet | Entered a Gauntlet
 32370 | Gauntlet | Found a transporter.
 32620 | Gauntlet | Found a transporter.
 32631 | Gauntlet | Found a transporter.
 32636 | Gauntlet | Found a transporter.
 32651 | Gauntlet | Found a transporter.
 32675 | Gauntlet | Found a transporter.
 32687 | Gauntlet | Found a transporter.
 32699 | Gauntlet | Found a transporter.
 32713 | Gauntlet | Found a transporter.
 32713 | Gauntlet | Found a transporter.
 32717 | Gauntlet | Found a transporter.
 32739 | Gauntlet | Found a transporter.
 32751 | Gauntlet | Found a transporter.
 32789 | Gauntlet | Found a transporter.
 32810 | Gauntlet | Found a transporter.
 32812 | Gauntlet | Found a transporter.
 33189 | Gauntlet | Found a transporter.
 33236 | Gauntlet | Found a transporter.
 33319 | Gauntlet | Identified the ring "Ifezab" {rF+ rN+ Str+4}
 33321 | Gauntlet | Identified the +0 cloak of the Skies Above {rC+}
 33489 | Gauntlet | Got the Reference Book on Orientation
 33722 | Lair:5   | Found a viscous altar of Jiyva.
 33723 | Lair:5   | Found a staircase to the Slime Pits.
 34600 | Lair:6   | Entered Level 6 of the Lair of Beasts
 34666 | Lair:6   | Found a frozen archway.
 34859 | IceCv    | Entered an ice cave
 35518 | IceCv    | Noticed a frost giant
 35534 | IceCv    | Killed a frost giant
 35687 | IceCv    | Found the +4 skin of Zhor {*Englaciate rC+++ SInv}
 37997 | Lair:6   | Lost mutation: You are partially covered in iridescent
                  | scales. (AC +2) [potion of mutation]
 37997 | Lair:6   | Lost mutation: You have sharp toenails. [potion of
                  | mutation]
 37997 | Lair:6   | Gained mutation: You sometimes lose the ability to read
                  | scrolls when taking damage. [potion of mutation]
 37997 | Lair:6   | Gained mutation: Your spells are a little harder to cast,
                  | but a little more powerful. [potion of mutation]
 37997 | Lair:6   | Gained mutation: Your flesh is heat resistant. (rF+)
                  | [potion of mutation]
 37998 | Lair:6   | Lost mutation: Your flesh is heat resistant. (rF+) [potion
                  | of mutation]
 37998 | Lair:6   | Lost mutation: Your spells are a little harder to cast, but
                  | a little more powerful. [potion of mutation]
 37998 | Lair:6   | Lost mutation: You sometimes lose the ability to read
                  | scrolls when taking damage. [potion of mutation]
 37998 | Lair:6   | Gained mutation: You are strong-willed. (Will+) [potion of
                  | mutation]
 37998 | Lair:6   | Gained mutation: You are weak. (Str -2) [potion of
                  | mutation]
 37998 | Lair:6   | Gained mutation: You are covered in fur. (AC +1) [potion of
                  | mutation]
 38150 | Orc:1    | Entered Level 1 of the Orcish Mines
 38152 | Orc:1    | Noticed an orc warlord
 38334 | D:9      | Noticed a fenstrider witch
 38334 | D:9      | an orc warlord changed into a fenstrider witch
 39160 | D:6      | Killed Crazy Yiuf
 39324 | D:11     | Killed Valamore's ghost
 39665 | Lair:4   | Reached skill level 15 in Fighting
 39671 | Lair:4   | Reached XP level 16. HP: 130/134 MP: 15/15
 39674 | Lair:4   | Killed Tosithia's ghost
 39813 | Lair:4   | Identified the amulet of the Republic {RegenMP Regen+
                  | Dex+7}
 40065 | Orc:1    | Found a radiant altar of Vehumet.
 40443 | Orc:2    | Entered Level 2 of the Orcish Mines
 40443 | Orc:2    | Found a staircase to the Elven Halls.
 40519 | Orc:2    | Reached skill level 19 in Axes
 41253 | Orc:2    | Found Waboa's Antique Armour Shop.
 41259 | Orc:2    | Found Zuhag's Jewellery Shop.
 41371 | Orc:2    | Noticed Snorg
 41381 | Orc:2    | Killed Snorg
 41843 | Orc:2    | Found Gimom's Antique Weapon Shop.
 41858 | Orc:2    | Found Ifuram's General Store.
 41910 | Elf:1    | Entered Level 1 of the Elven Halls
 41999 | Elf:1    | Paralysed by an air elemental for 1 turns
 43016 | Elf:1    | Found Benif's Jewellery Boutique.
 43950 | Elf:1    | Found a runed translucent door.
 43951 | Elf:1    | Noticed cbfl8's ghost (journeyman MiBe)
 44165 | Elf:1    | Killed cbfl8's ghost
 44384 | Elf:2    | Paralysed by an air elemental for 1 turns
 46051 | Elf:2    | Reached XP level 17. HP: 94/143 MP: 16/16
 47224 | Elf:2    | Found a runed translucent gate.
 47224 | Elf:2    | Found a runed translucent gate.
 47226 | Elf:2    | Found a runed translucent gate.
 47348 | Elf:3    | Entered Level 3 of the Elven Halls
 47477 | Elf:3    | Reached skill level 15 in Shields
 47599 | Elf:3    | Reached skill level 20 in Axes
 48536 | Elf:3    | Found a radiant altar of Vehumet.
 49141 | Elf:3    | Noticed Nikola
 49158 | Elf:3    | Killed Nikola
 49670 | Elf:3    | Noticed a deep elf master archer
 50162 | Elf:3    | Identified the +6 trident of Devotion {drain, rF++ rN+
                  | Str-3 Int+2}
 50170 | Elf:3    | Identified the +4 morningstar of Duty {vorpal, rElec rC+}
 50186 | Elf:3    | Identified the +8 battleaxe of Sunlight {flame, rPois}
 50806 | Elf:3    | Noticed a deep elf blademaster
 50806 | Elf:3    | Noticed a deep elf blademaster
 50825 | Elf:3    | Killed a deep elf blademaster
 50829 | Elf:3    | Killed a deep elf blademaster
 51030 | Elf:3    | Identified the +6 dagger of Wu Jian's Respect {vorpal, rN+
                  | Str+3 Stlth-}
 51059 | Elf:3    | Killed a deep elf master archer
 51145 | Elf:3    | Noticed a Hell Sentinel
 51147 | Elf:3    | Noticed a Brimstone Fiend
 51149 | Elf:3    | Noticed a deep elf blademaster
 51151 | Elf:3    | Noticed a Tzitzimitl
 51908 | Shoals:1 | Entered Level 1 of the Shoals
 52141 | Shoals:1 | Reached XP level 18. HP: 60/153 MP: 17/17
 52933 | Shoals:1 | Noticed Aizul
 52948 | Shoals:1 | Killed Aizul
 52969 | Shoals:1 | Found Ajusk's Weapon Emporium.
 55492 | Shoals:2 | Found a sparkling altar of Nemelex Xobeh.
 55779 | Shoals:2 | Noticed Jorgrun
 55793 | Shoals:2 | Killed Jorgrun
 56701 | Shoals:3 | Found Emele's Weapon Emporium.
 56963 | Shoals:3 | Noticed Kirke
 56974 | Shoals:3 | Killed Kirke
 56982 | Shoals:3 | Found a runed translucent door.
 57532 | Shoals:3 | Found Niguja's General Store.
 57542 | Shoals:3 | Bought a potion of berserk rage for 90 gold pieces
 57633 | Shoals:3 | Found Feask's Weapon Shoppe.
 58177 | Shoals:3 | Noticed cbfl8's ghost (adept MiBe)
 58224 | Shoals:4 | Entered Level 4 of the Shoals
 58231 | Shoals:4 | Noticed Polyphemus
 58244 | Shoals:3 | Reached skill level 21 in Axes
 58465 | Shoals:4 | Noticed Louise
 58534 | Shoals:4 | Killed Polyphemus
 58911 | Shoals:3 | Killed Louise
 59256 | Shoals:4 | HP: 2/155 [minotaur/silver javelin (15)]
 59256 | Shoals:4 | Hit by a silver javelin thrown by a minotaur

Illustrated notes

Levels and vault maps discovered:
D:1:      scummos_arrival_forest, layout_loops_ring, minmay_door_square,
          fountainhead
D:2:      layout_basic, st_stairs_1, grunt_decor_arrowhead
D:3:      minmay_chambers_of_threes, layout_loops_ring, chequers_big_river,
          minmay_misc_feat_tower, minmay_misc_feat_ornament
D:4:      layout_rooms, minmay_temple_entry_mini_moons,
          minmay_tree_intersection, kennysheep_orc_chapel
D:5:      layout_cave_pods
D:6:      layout_basic, uniq_sigmund, uniq_crazy_yiuf_cottage,
          uniq_blork_the_orc
D:7:      layout_basic, enter_bailey_4, serial_shops, nicolae_take_the_stairs,
          hex_tiny
D:8:      layout_layer_cave, special_room [special_room_orc], moated_statue,
          minivault_12
D:9:      layout_loops_ring, grunt_dithmenos_smoke_and_mirrors, david_orc_2,
          serial_shops, shop, shop, shop, nicolae_diamond_shop, uniq_harold
D:10:     layout_irregular_city, minmay_statue_bubble, uniq_fannar, uniq_maggie
D:11:     layout_cave_pools, lair_entry_dummy, gammafunk_ghost_split,
          serial_shops, kennysheep_mini
D:12:     layout_rooms, uniq_gastronok
D:13:     layout_long_grid, cheibriados_altar_1
D:14:     layout_small_grid, erik_vaults_2, nrook_campfire, serial_shops,
          nicolae_shop_statue_plus, nicolae_lakefront_shop,
          nicolae_shop_hallway_stairs, nicolae_stop_n_shop_1, shop
D:15:     gammafunk_depths_entry_grave, layout_rooms,
          minmay_misc_feat_diagonals, lightli_corner_chamber
Temple:   mainiacjoe_temple_hex_bubbles
Lair:1:   layout_gridlike, nicolae_volcano_entry_two_sided
Lair:2:   layout_cave_pods, beast_lair_carwin_6, grunt_megastairs_4
Lair:3:   layout_long_grid, elwin_shoals_entry_rooms,
          spider_nest_entry_web_field, nicolae_quartered_pool_medium, tgw_fedhas
Lair:4:   layout_regular_city, gammafunk_ghost_berserking_beasts,
          grunt_megastairs_2
Lair:5:   layout_cave_pods, dpeg_slime_entry_enclosed_altar,
          gauntlet_entry_generic, serial_bayou_pond_a, minmay_lair_drake_nest,
          uniq_urug
Lair:6:   due_jungle_book, layout_regular_city,
          portal_ice_cave_entry_ice_simulacra
Shoals:1: layout_shoals, serial_shops, shop, uniq_aizul
Shoals:2: layout_shoals, lemuel_oklob_altar, uniq_jorgrun
Shoals:3: layout_shoals, ebering_ghost_reflecting_pool, serial_shops,
          nicolae_shop_bloodbath_and_beyond, shop, nicolae_stop_n_shop_1,
          uniq_kirke
Shoals:4: shoals_end_hellmonk_lost_city, uniq_polyphemus, uniq_louise
Orc:1:    layout_caves, basic_altar
Orc:2:    grunt_orc_cross, layout_caves, minmay_orc_temple_b, uniq_snorg
Elf:1:    nicolae_elf_arrival_no_cutting_in_line, layout_loops_corners,
          serial_shops, nicolae_shop_stone, gammafunk_ghost_grave,
          hangedman_elven_crosses_minicolossus
Elf:2:    elven_hall_of_blades_hangedman_original [grunt_blade_entry_basic],
          layout_rooms
Elf:3:    minmay_elf_hall_furrowed, layout_loops_corners, basic_altar,
          nicolae_elf_shapeshifter_party, uniq_nikola

Skill      XL: |  1  2  3  4  5  6  7  8  9 10 11 12 13 14 15 16 17 18 |
---------------+-------------------------------------------------------+-----
Fighting       | 4 5 6 7 8 10 11 12 13 15 16 17 18 | 18.5
Shields        | 4 5 6 7 9 10 12 14 16 17 | 17.4
Axes           | 3 4 5 7 8 11 12 14 15 16 18 19 20 21 | 21.1
Armour         | 4 5 6 7 9 10 11 13 14 15 16 17 18 | 18.2
Evocations     | 1 2 3 4 5 6 8 9 10 11 12 13 14 | 14.7

Action                   |  1- 3 |  4- 6 |  7- 9 | 10-12 | 13-15 | 16-18 || total
-------------------------+-------+-------+-------+-------+-------+-------++-------
Melee: War axe           |    83 |   145 |   223 |   361 |       |       ||   812
       Headbutt          |    17 |    23 |    46 |   135 |   254 |   209 ||   684
       Broad axe         |       |       |       |   133 |   849 |   971 ||  1953
       Kick              |       |       |       |       |   179 |       ||   179
Invok: Ancestor Identity |       |       |     1 |       |       |       ||     1
       Ancestor Life: Ba |       |       |       |     1 |       |       ||     1
       Recall Ancestor   |       |       |       |       |     3 |     4 ||     7
Evoke: Wand              |       |       |     2 |     9 |    14 |    16 ||    41
  Use: Scroll            |     1 |       |    10 |    21 |    17 |    19 ||    68
       Potion            |       |       |     2 |     3 |    14 |    10 ||    29
 Stab: Paralysed         |       |       |     9 |     2 |       |       ||    11
       Distracted        |       |       |       |     8 |    18 |    18 ||    44
       Sleeping          |       |       |       |       |     7 |    10 ||    17
Armor: Scale mail        |    36 |    64 |    83 |       |       |       ||   183
       Chain mail        |       |       |     2 |    46 |   130 |       ||   178
       Plate armour      |       |       |       |   172 |   102 |       ||   274
       Shadow dragon sca |       |       |       |       |   109 |   429 ||   538
Dodge: Dodged            |    43 |    67 |    95 |   113 |   159 |   243 ||   720
       Repelled          |       |       |     1 |     1 |    10 |    20 ||    32
Block: Buckler           |    15 |    38 |    39 |   122 |       |       ||   214
       Kite shield       |       |       |       |    17 |   585 |   739 ||  1341
       Tower shield      |       |       |       |       |       |    78 ||    78
